AoeStats
← .ebz

Arena

508895623Analyzed
4v4 RM · 8d ago on Sep 24, 2026· 38m 2s· 8 players
Game mode
Random Map
Map size
Large (8 player)
Population
200
Speed
Normal
Resources
Standard
Victory
Conquest
Starting age
Dark Age
Ending age
Imperial Age
RankedLock teamsTeams togetherTeam positionsShared explorationLock speedFull tech treeHidden civsTurbo modeCheats
Victory
Defeat
🇮🇳 Franks · India
1087
+14
🇻🇳 Ethiopians · Vietnam
1073
+15
🇧🇩 Portuguese · Bangladesh
1059
+16
🇨🇳 Aztecs · China
1024
+17
🇵🇱 Bulgarians · Poland
1093
-17
🇪🇸 Persians · Spain
1067
-16
🇹🇷 Khmer · Türkiye
1052
-16
🇷🇺 Portuguese · Russia
992
-13
高兴就好
10:34 Feudal Age
12:07 Double-Bit Axe
14:29 Castle Age
14:23 Loom
30:13 Wheelbarrow
29:41 Fletching
31:11 Hand Cart
33:47 Imperial Age
32:09 Forging
32:05 Scale Barding Armor
32:33 Gold Mining
32:35 Stone Mining
33:36 Iron Casting
33:14 Husbandry
33:37 Chain Barding Armor
34:28 Chivalry
34:48 Conscription
33:50 Cavalier
34:31 Scale Mail Armor
35:31 Blast Furnace
35:41 Plate Barding Armor
34:44 Paladin
36:47 Pikeman
37:27 Squires
37:13 Arson
37:29 Scale Mail Armor
ImranAOE
11:49 Feudal Age
12:38 Horse Collar
12:44 Double-Bit Axe
15:28 Castle Age
13:15 Horse Collar
14:24 Loom
15:36 Fletching
16:20 Bodkin Arrow
31:55 Imperial Age
29:57 Bow Saw
30:52 Forging
30:44 Scale Mail Armor
30:53 Heavy Plow
31:06 Pikeman
32:29 Iron Casting
33:16 Halberdier
36:26 Fortified Wall
36:53 Murder Holes
38:48 Blast Furnace
38:04 Chain Mail Armor
SOUL 360
10:52 Feudal Age
12:48 Loom
15:11 Castle Age
13:30 Double-Bit Axe
14:43 Horse Collar
16:14 Bow Saw
17:54 Wheelbarrow
17:07 Loom
17:07 Town Watch
21:37 Hand Cart
23:43 Heavy Plow
25:00 Gold Mining
25:02 Stone Mining
26:11 Gold Shaft Mining
27:29 Stone Shaft Mining
31:17 Imperial Age
29:19 Ballistics
30:37 Town Patrol
31:15 Fletching
31:26 Padded Archer Armor
33:03 Chemistry
32:09 Siege Engineers
31:29 Heavy Scorpion
32:54 Torsion Engines
33:02 Bodkin Arrow
33:22 Leather Archer Armor
36:01 Forging
35:51 Scale Mail Armor
35:52 Bracer
佛山大维哥
11:58 Feudal Age
16:09 Castle Age
16:11 Loom
18:34 Horse Collar
19:19 Town Watch
22:59 Scale Mail Armor
24:03 Chain Mail Armor
27:28 Forging
29:54 Gold Mining
35:52 Imperial Age
33:55 Double-Bit Axe
35:37 Wheelbarrow
37:12 Conscription
39:02 Garland Wars
ElPelucaSapbe
10:50 Feudal Age
12:46 Horse Collar
15:18 Castle Age
13:24 Double-Bit Axe
17:43 Bow Saw
17:36 Heavy Plow
19:50 Wheelbarrow
20:54 Hand Cart
21:13 Loom
21:14 Town Watch
24:06 Scale Barding Armor
24:12 Forging
24:27 Gold Mining
26:10 Stone Mining
27:16 Chain Barding Armor
27:32 Iron Casting
27:11 Bloodlines
27:02 Husbandry
31:51 Imperial Age
30:31 Gold Shaft Mining
31:32 Cavalier
33:08 Plate Barding Armor
33:34 Blast Furnace
33:15 Savar
34:57 Crop Rotation
35:39 Two-Man Saw
KOMMEPCAHT
12:06 Feudal Age
16:27 Castle Age
14:11 Horse Collar
14:21 Double-Bit Axe
15:54 Wheelbarrow
15:03 Horse Collar
19:17 Hand Cart
21:48 Bow Saw
22:39 Heavy Plow
22:56 Heavy Plow
23:06 Loom
25:20 Gold Mining
25:21 Stone Mining
26:51 Stone Mining
27:15 Fortified Wall
27:26 Ballistics
32:19 Imperial Age
30:07 Murder Holes
29:53 Treadmill Crane
30:23 Masonry
30:08 Fletching
33:57 Conscription
33:46 Arquebus
34:50 Chemistry
33:56 Siege Engineers
34:22 Architecture
34:32 Stone Shaft Mining
36:18 Two-Man Saw
36:05 Bodkin Arrow
.ebz
11:02 Feudal Age
10:57 Loom
14:53 Castle Age
13:38 Double-Bit Axe
14:15 Horse Collar
17:16 Fletching
19:43 Bodkin Arrow
22:39 Town Watch
28:15 Wheelbarrow
28:59 Bow Saw
33:43 Heavy Plow
37:41 Imperial Age
35:17 Gold Mining
36:04 Scale Mail Armor
36:15 Forging
36:46 Chain Mail Armor
36:35 Gambesons
`TryAki
0:28 Loom
10:30 Feudal Age
13:29 Double-Bit Axe
13:25 Horse Collar
20:53 Castle Age
19:35 Stone Mining
19:35 Gold Mining
Connection lost

Rejoining the realm…

Still unreachable

The connection could not be restored.

Session expired

The server has moved on; the page needs a fresh start.